 Dungeon Crawl Stone Soup version 0.25-a0-365-g7600c65aa0 (webtiles) character file.

Game seed: 7926440423372974499, levelgen mode: deterministic

204 Napalmbreeze the Conjurer (level 5, -4/32 HPs)
             Began as a Gargoyle Conjurer on Jan 5, 2020.
             Killed by divine providence
             ... invoked by an orc priest
              (15 damage)
             ... on level 3 of the Dungeon.
             The game lasted 00:08:42 (2736 turns).

Napalmbreeze the Conjurer (Gargoyle Conjurer)       Turns: 2736, Time: 00:08:43

Health: -4/32      AC:  8    Str: 11    XL:     5   Next: 82%
Magic:  2/9        EV: 12    Int: 17    God:
Gold:   78         SH:  2    Dex: 10    Spells: 3/10 levels left

rFire    . . .     SeeInvis .   (no weapon)
rCold    . . .     Gourm    .   (no shield)
rNeg     + . .     Faith    .   m - +2 robe
rPois    ∞         Spirit   .   (no helmet)
rElec    +         Reflect  +   (no cloak)
rCorr    .         Harm     .   (no gloves)
MR       .....                  (no boots)
Stlth    ++........             a - +2 amulet of reflection
HPRegen  0.10/turn              (no ring)
MPRegen  0.11/turn              (no ring)

@: no status effects
A: negative energy resistance 1, electricity resistance, unbreathing,
petrification resistance, rot immunity, AC +4
a: no special abilities


You were on level 3 of the Dungeon.
You were not hungry.

You visited 1 branch of the dungeon, and saw 3 of its levels.

You collected 78 gold pieces.

Inventory:

Armour
 m - a +2 robe (worn)
Jewellery
 a - a +2 amulet of reflection (around neck)
Scrolls
 d - a scroll of blinking {unknown}
 g - a scroll of fog {unknown}
 j - a scroll of teleportation {unknown}
 n - a scroll of fear {unknown}
 o - 2 scrolls of noise {unknown}
 q - a scroll of enchant weapon {unknown}
 r - a scroll of remove curse
Potions
 b - a potion of degeneration {unknown}
 e - a potion of cancellation {unknown}
 f - a potion of curing {unknown}
 h - 4 potions of flight {unknown}
 i - a potion of berserk rage {unknown}
 k - a potion of ambrosia {unknown}
 l - a potion of haste {unknown}
 p - a potion of mutation {unknown}
Comestibles
 c - 7 rations


   Skills:
 + Level 2.9 Fighting
 + Level 2.8 Dodging
 - Level 2.1 Stealth
 + Level 3.2 Spellcasting
 - Level 5.0 Conjurations


You had 3 spell levels left.
You knew the following spells:

 Your Spells              Type           Power        Failure   Level  Hunger
a - Magic Dart            Conj           ###.         2%          1    None
b - Iskenderun's Mystic   Conj/Tloc      ##......     52%         4    ####...
s - Searing Ray           Conj           ###...       3%          2    ##.....

Your spell library contained the following spells:

 Spells                   Type           Power        Failure   Level  Hunger
 Dazzling Flash           Conj/Hex       ##....       19%         3    ###....
 Fulminant Prism          Conj/Hex       ##........   52%         4    ####...


Dungeon Overview and Level Annotations

Branches:
Dungeon (3/15)

Altars:
Hepliaklqana


Innate Abilities, Weirdness & Mutations

You are resistant to torment.
Your stone body is resilient. (AC +4)
You are immune to poison.
You resist negative energy. (rN+)
You are resistant to electric shocks. (rElec)
You can survive without breathing.
You are immune to petrification.
You are immune to rotting.


Message History

Confirm with . or Enter, or press ? or * to list all spells.
Aiming: Magic Dart (safe; 2% risk of failure)
Press: ? - help, Shift-Dir - straight line, f/p - adder
Aim: an adder (almost dead)
The magic dart hits the adder.
You kill the adder!
The orc priest calls down the wrath of Beogh upon you.
Pain shoots through your body!
An orc comes into view.
It is wielding a +2 trident of piercing.
The orc priest calls down the wrath of Beogh upon you.
Pain shoots through your body!
The orc shouts!
The orc priest casts a cantrip, but nothing happens.
The orc throws a boomerang.
The boomerang barely misses you.
The weapon returns to the orc!
There is a stone staircase leading up here.
The orc hits you but does no damage.
The orc priest calls down the wrath of Beogh upon you.
Beogh smites you!
You die...

#....##....<#.######......
#....##.#.....#...........
#....##.#.###....<........
#....## #.....#...........
#.....#.#######...##......
##....#.#.........########
+....#......##...########
.###...####.##.##...........
#.....>...(.@o...o...........
######.####'###o###..........
#.......................
#.......................
#.)...............>.....
#.............o.........
##...................)..
#......................
#......................


You could see an orc priest and 2 orcs.

Vanquished Creatures
  Jessica (D:2)
  Natasha (thrice) (D:2)
  4 adders
  An ooze (D:3)
  2 dart slugs
  3 leopard geckos
  4 orcs (D:3)
  A bat (D:2)
  6 giant cockroaches
  3 goblins
  6 hobgoblins
  2 ball pythons
  4 frilled lizards
  6 kobolds
  14 rats
60 creatures vanquished.

Notes
Turn   | Place    | Note
-------+----------+-------------------------------------------
     0 | D:1      | Napalmbreeze the Gargoyle Conjurer began the quest for the
                  | Orb.
     0 | D:1      | Reached XP level 1. HP: 10/10 MP: 3/3
   341 | D:1      | Reached XP level 2. HP: 11/16 MP: 0/5
   557 | D:1      | Reached skill level 1 in Fighting
  1012 | D:1      | Reached XP level 3. HP: 20/20 MP: 4/6
  1016 | D:1      | Learned a level 2 spell: Searing Ray
  1158 | D:2      | Noticed Jessica
  1188 | D:2      | Killed Jessica
  1188 | D:2      | Reached XP level 4. HP: 21/26 MP: 0/7
  1217 | D:2      | Learned a level 4 spell: Iskenderun's Mystic Blast
  1611 | D:2      | Noticed Natasha
  1615 | D:2      | Killed Natasha
  1615 | D:2      | Reached skill level 5 in Conjurations
  1780 | D:2      | Noticed Natasha
  1783 | D:2      | Killed Natasha
  1783 | D:2      | Reached XP level 5. HP: 22/30 MP: 6/9
  2089 | D:2      | Noticed Natasha
  2094 | D:2      | Killed Natasha
  2148 | D:3      | Found a hazy altar of Hepliaklqana.
  2736 | D:3      | Killed from afar by an orc priest

Levels and vault maps discovered:
D:1:      nicolae_arrival_washed_ashore, layout_basic
D:2:      layout_loops_ring, minmay_pentomino_p4, uniq_natasha, uniq_jessica
D:3:      layout_basic, overflow_temple_1_default

Skill      XL: |  1  2  3  4  5 |
---------------+----------------+-----
Fighting       | 1 2 |  2.9
Dodging        | 2 |  2.8
Conjurations   | 5 |  5.0
Spellcasting   | 3 |  3.2
Stealth        | |  2.1

Action                   |  1- 3 |  4- 6 || total
-------------------------+-------+-------++-------
Melee: Unarmed           |    28 |       ||    28
 Cast: Magic Dart        |    41 |    43 ||    84
       Searing Ray       |     2 |     9 ||    11
  Use: Scroll            |       |     3 ||     3
  Eat: Chunk             |     1 |     6 ||     7
Armor: Robe              |     8 |     8 ||    16
Dodge: Dodged            |    21 |    16 ||    37
Block: Other             |       |     2 ||     2

Table legend:
 A = Non-vault XP
 B = Vault XP
 C = Vault XP percentage of total XP
 D = Non-vault monster count
 E = Vault monster count
 F = Vault count percentage of total count
                 A         B        C        D         E       F
            +---------+---------+-------+---------+---------+-------
      Total |     201 |      91 |  31.2 |      54 |       6 |  10.0
            +---------+---------+-------+---------+---------+-------
        D:1 |      36 |       0 |   0.0 |      22 |       0 |   0.0
        D:2 |      90 |      91 |  50.3 |      14 |       6 |  30.0
        D:3 |      75 |       0 |   0.0 |      18 |       0 |   0.0
            +---------+---------+-------+---------+---------+-------
